[gd_scene load_steps=6 format=2]

[ext_resource path="res://AlienFont.tres" type="DynamicFont" id=1]
[ext_resource path="res://Scripts/MenuButton.gd" type="Script" id=2]
[ext_resource path="res://Scenes/Key.tscn" type="PackedScene" id=3]
[ext_resource path="res://Scenes/Spikes.tscn" type="PackedScene" id=4]
[ext_resource path="res://MenuFont.tres" type="DynamicFont" id=5]

[node name="MenuStage" type="ColorRect"]
anchor_right = 1.0
anchor_bottom = 1.0
grow_horizontal = 2
grow_vertical = 2
color = Color( 0.0588235, 0.00784314, 0.290196, 1 )
__meta__ = {
"_edit_use_anchors_": false
}

[node name="Key" parent="." instance=ExtResource( 3 )]
position = Vector2( 811, 364 )
scale = Vector2( 5, 5 )

[node name="Spikes" parent="." instance=ExtResource( 4 )]
position = Vector2( 63.697, 567.618 )

[node name="Spikes2" parent="." instance=ExtResource( 4 )]
position = Vector2( 304, 567.618 )

[node name="MarginContainer" type="MarginContainer" parent="."]
margin_right = 1024.0
margin_bottom = 600.0
size_flags_horizontal = 2
size_flags_vertical = 2
__meta__ = {
"_edit_use_anchors_": false
}

[node name="CenterContainer" type="CenterContainer" parent="MarginContainer"]
margin_right = 1024.0
margin_bottom = 600.0
__meta__ = {
"_edit_use_anchors_": false
}

[node name="HBoxContainer" type="HBoxContainer" parent="MarginContainer/CenterContainer"]
margin_left = 260.0
margin_top = 171.0
margin_right = 764.0
margin_bottom = 429.0

[node name="VBoxContainer" type="VBoxContainer" parent="MarginContainer/CenterContainer/HBoxContainer"]
margin_right = 504.0
margin_bottom = 258.0
custom_constants/separation = 25

[node name="EsKeypee" type="Label" parent="MarginContainer/CenterContainer/HBoxContainer/VBoxContainer"]
margin_right = 504.0
margin_bottom = 122.0
custom_fonts/font = ExtResource( 1 )
custom_colors/font_color = Color( 1, 1, 1, 1 )
text = "EsKeypee"

[node name="HBoxContainer" type="HBoxContainer" parent="MarginContainer/CenterContainer/HBoxContainer/VBoxContainer"]
margin_top = 147.0
margin_right = 504.0
margin_bottom = 190.0
custom_constants/separation = 30
__meta__ = {
"_edit_use_anchors_": false
}

[node name="1" type="LinkButton" parent="MarginContainer/CenterContainer/HBoxContainer/VBoxContainer/HBoxContainer"]
margin_right = 16.0
margin_bottom = 43.0
custom_fonts/font = ExtResource( 5 )
custom_colors/font_color = Color( 1, 0, 0, 1 )
text = "1"
script = ExtResource( 2 )
scene_to_load = "Level 1"

[node name="SelectStage" type="LinkButton" parent="MarginContainer/CenterContainer/HBoxContainer/VBoxContainer"]
margin_top = 215.0
margin_right = 504.0
margin_bottom = 258.0
custom_fonts/font = ExtResource( 5 )
custom_colors/font_color = Color( 1, 0, 0, 1 )
action_mode = 0
text = "Back"
script = ExtResource( 2 )
scene_to_load = "MainMenu"

[node name="Spikes3" parent="." instance=ExtResource( 4 )]
position = Vector2( 513.507, 566.98 )
[connection signal="pressed" from="MarginContainer/CenterContainer/HBoxContainer/VBoxContainer/HBoxContainer/1" to="MarginContainer/CenterContainer/HBoxContainer/VBoxContainer/HBoxContainer/1" method="_on_NewGame_pressed"]
[connection signal="pressed" from="MarginContainer/CenterContainer/HBoxContainer/VBoxContainer/SelectStage" to="MarginContainer/CenterContainer/HBoxContainer/VBoxContainer/SelectStage" method="_on_SelectStage_pressed"]
